 Dungeon Crawl Stone Soup version 0.32-a0-519-g08f29ac1c3 (webtiles) character file.

Game seed: 10463300551247801886

12193 FetchTheRope the Grappler (level 11, 0/86 HPs)
             Began as a Mummy Fighter on Feb 27, 2024.
             Was a Priest of Yredelemnul.
             Slain by a yak (2 damage)
             ... while petrified by a basilisk
             ... on level 11 of the Dungeon.
             The game lasted 00:15:45 (12343 turns).

FetchTheRope the Grappler (Mummy Fighter)          Turns: 12343, Time: 00:15:46

Health: 0/86       AC: 18    Str: 25    XL:     11   Next: 59%
Magic:  17/17      EV:  2    Int:  7    God:    Yredelemnul [***...]
Gold:   730        SH:  0    Dex: 11    Spells: 10/10 levels left

rFire   + .          .
                       - Unarmed
rCold   . . .        b - +0 buckler
rNeg    + + +        n - +0 plate armour
rPois   ∞            t - +1 helmet
rElec   .            h - +2 cloak
rCorr   .            v - +0 pair of gloves
SInv    .            s - +0 pair of boots
Will    +....        (no amulet) Stlth
                     i - ring of fire
HPRegen 0.34/turn    a - ring of protection from fire
MPRegen 0.15/turn

%: faith
@: petrified, wreathed by umbra
A: cold resistance 1, negative energy resistance 3, torment resistance 2, heat
vulnerability 1, in touch with death 1, no potions, faith
a: Renounce Religion, Light the Black Torch, Recall Undead Harvest, Hurl
Torchlight


You were on level 11 of the Dungeon.
You worshipped Yredelemnul.
Yredelemnul was aware of your devotion.
You visited 2 branches of the dungeon, and saw 12 of its levels.
You also visited: Ossuary and Bailey.

You collected 730 gold pieces.

Inventory:

Missiles
 z - a curare-tipped dart (quivered)
 C - 5 throwing nets
Armour
 b - a +0 buckler (worn)
 h - a +2 cloak (worn)
 n - a +0 plate armour (worn)
 s - a +0 pair of boots (worn)
 t - a +1 helmet (worn)
 v - a +0 pair of gloves (worn)
Jewellery
 a - a ring of protection from fire (right hand)
 g - a ring of wizardry
 i - a ring of fire (left hand)
 o - a ring of wizardry
 p - a ring of protection from cold
 q - a ring of protection from cold
 w - a ring of protection from fire
 x - a +6 ring of intelligence
 y - a ring of willpower
Wands
 e - a wand of flame (32)
 A - a wand of mindburst (2)
Scrolls
 c - 2 scrolls of teleportation {@r3}
 d - 3 scrolls of fog {@r2}
 f - 6 scrolls of amnesia
 j - a scroll of brand weapon
 k - 2 scrolls of identify {@r1}
 l - 2 scrolls of revelation {@r5}
 m - 2 scrolls of immolation
 r - a scroll of silence {!r}
 u - a scroll of enchant weapon
 B - a scroll of fear


   Skills:
 - Level 8.0 Fighting
 - Level 2.4 Armour
 - Level 5.0 Shields
 * Level 11.8 Unarmed Combat
 - Level 8.0 Invocations


You had 10 spell levels left.
You didn't know any spells.
Your spell library contained the following spells:

 Spells                   Type           Power      Damage    Failure   Level
 Teleport Other           Tloc           0%         N/A       100%        3
 Volatile Blastmotes      Fire/Tloc      0%         2d10      100%        3
 Anguish                  Hex/Necr       0%         N/A       100%        4
 Fulminant Prism          Conj/Alch      0%         3d5       100%        4
 Iskenderun's Mystic Bla  Conj/Tloc      0%         2d3       100%        4
 Summon Forest            Summ/Tloc      0%         N/A       100%        5
 Summon Mana Viper        Hex/Summ       0%         N/A       100%        5


Dungeon Overview and Level Annotations

Branches:
Dungeon (11/15)            Temple (1/1) D:5            Lair (0/5) D:11
    Orc (0/2) D:9         Ossuary (visited)          Bailey (visited)

Altars:
Ashenzari
Cheibriados
Dithmenos
Fedhas
Gozag
Hepliaklqana
Kikubaaqudgha
Makhleb
Nemelex Xobeh
Okawaru
Qazlal
Ru
Sif Muna
Trog
Uskayaw
Vehumet
Wu Jian
Xom
Yredelemnul

Shops:
D:4 (

Annotations:
D:10 1 runed translucent door


Innate Abilities, Weirdness & Mutations

You are immune to poison.
Your flesh is cold resistant. (rC+)
You are immune to negative energy. (rN+++)
You are immune to unholy pain and torment.
You are vulnerable to heat. (rF-)
You are in touch with the powers of death.
You do not drink.
You have a special connection with the divine. (Faith)


Message History

Your centaur warrior zombie stops moving altogether!
The centaur seems to regain its courage.
The centaur shoots an arrow.
The arrow hits your wight.
The centaur shoots an arrow.
The arrow hits your iguana zombie.
The centaur shoots an arrow.
The arrow hits your wraith.
The centaur shoots an arrow.
The arrow hits your centaur warrior zombie!
The centaur shoots an arrow.
The arrow hits your wight. The yak gores you!
* * * LOW HITPOINT WARNING * * *
The centaur shoots an arrow.
The arrow hits your iguana zombie.
The centaur shoots an arrow.
The arrow hits your centaur warrior zombie!
The centaur shoots an arrow.
The arrow hits your iguana zombie!
The centaur shoots an arrow.
The arrow hits you but does no damage. The yak gores you!
* * * LOW HITPOINT WARNING * * *
The centaur shoots an arrow.
The arrow closely misses your wraith. The arrow barely misses your wight.
The arrow hits your wight!
Your wight is destroyed!
Your wight returns to the grave!
The centaur shoots an arrow.
The arrow barely misses your iguana zombie.
The arrow hits you but does no damage.
The centaur shoots an arrow.
The arrow hits you.
The centaur shoots an arrow.
The arrow hits you but does no damage.
The centaur shoots an arrow.
The arrow hits your wraith.
The centaur shoots an arrow.
The arrow closely misses your wraith.
The arrow hits your centaur warrior zombie!
The centaur shoots an arrow.
The arrow hits your iguana zombie!
Your iguana zombie is destroyed!
The yak gores you but does no damage.
The centaur shoots an arrow.
The arrow hits your centaur warrior zombie!
The centaur shoots an arrow.
The arrow hits your wight.
The centaur shoots an arrow.
The arrow hits you but does no damage.
The centaur shoots an arrow.
The arrow hits you.
* * * LOW HITPOINT WARNING * * *
The yak gores you.
You die...
Your body vanishes in a gout of umbral fire.

.. ...........
.##...........
..#...............
................
...............
#.............
#.#...........
####.Y@#.##.#.#∩#
##...........#.#.# ...
..........Z..#.#.# ....
..........c.<#.#§#......
?......#.....zc.........
..Y#.>..#[..c#c...##....
.......#..c.....§###....
.....................#
.l.......#..####)§###


You could see a death yak, a yak, 5 centaurs, a friendly wight (summoned) and a
friendly centaur warrior zombie (petrified).

Vanquished Creatures
  A centaur warrior (D:11)
  A boulder beetle (D:10)
  A two-headed ogre (D:10)
  Pikel (D:9)
  Maurice (D:9)
  Psyche (D:10)
  A troll (D:9)
  A shadow (D:9)
  2 wyverns (D:8)
  3 yaks
  2 steam dragons (D:7)
  2 vampire mosquitoes (D:10)
  A water moccasin (D:5)
  3 orc warriors
  A sky beast (D:7)
  4 wolves (Bailey)
  3 lemures (D:9)
  3 centaurs
  A weeping skull (Ossuary)
  2 phantoms
  2 kobold brigands
  4 scorpions
  6 gnoll sergeants
  4 water moccasin zombies (Ossuary)
  2 killer bees (D:7)
  A troll zombie (D:9)
  An electric eel (D:7)
  A howler monkey (D:5)
  2 jellies
  7 hounds
  An orc priest (D:6)
  A sleepcap (D:7)
  6 iguanas
  5 gnoll boudas (Bailey)
  10 orc wizards
  A crocodile zombie (Ossuary)
  2 ogre zombies (D:9)
  13 adders
  13 gnolls
  3 shadow imps
  2 white imps
  2 ufetubi (D:6)
  4 adder zombies (Ossuary)
  2 dart slugs
  3 ribbon worms
  25 orcs
  4 ball pythons
  5 endoplasms
  2 giant cockroaches
  13 goblins
  9 hobgoblins
  4 jackals (D:2)
  13 kobolds
  4 quokkas
  5 bats
  6 frilled lizards
  A gnoll skeleton (D:9)
  15 gnoll zombies
  A jackal zombie (Ossuary)
  2 orc skeletons (D:9)
  11 orc zombies
  6 rats
259 creatures vanquished.

Vanquished Creatures (collateral kills)
  Erolcha (D:9)
  A two-headed ogre (D:9)
  A hornet (D:9)
  A shadow (D:10)
  A wraith (D:9)
  7 yaks
  A steam dragon (D:7)
  A water moccasin (D:9)
  A sky beast (D:6)
  4 wolves (Bailey)
  A lemure (D:9)
  2 gnoll sergeants (Bailey)
  A troll zombie (D:9)
  3 killer bees (D:7)
  A howler monkey (D:9)
  A bombardier beetle (D:6)
  A gnoll bouda (Bailey)
  A hound (D:7)
  2 orc wizards
  A crocodile zombie (Ossuary)
  4 ogre zombies (D:9)
  9 gnolls
  4 orcs
  A goblin (D:10)
  2 kobolds (D:10)
  An orc skeleton (D:9)
  6 orc zombies (D:9)
60 creatures vanquished.

Vanquished Creatures (others)
  Grum (Bailey)
  2 yak zombies (D:9)
  5 wolf zombies (Bailey)
  A scorpion zombie (D:7)
  2 hound zombies (Bailey)
  A mummy (Ossuary)
  A gnoll (Bailey)
  A steam dragon zombie (D:7)
  2 iguana zombies (D:11)
  A spectral gnoll (Bailey)
  16 gnoll zombies
  2 goblin zombies (D:10)
  4 orc zombies
39 creatures vanquished.

Grand Total: 358 creatures vanquished

Notes
Turn   | Place    | Note
-------+----------+-------------------------------------------
     0 | D:1      | FetchTheRope the Mummy Fighter began the quest for the Orb.
     0 | D:1      | Reached XP level 1. HP: 18/18 MP: 1/1
   135 | D:1      | Reached XP level 2. HP: 21/24 MP: 2/2
   136 | D:1      | Reached skill level 2 in Unarmed Combat
   689 | D:2      | Reached XP level 3. HP: 16/29 MP: 3/3
  1162 | D:2      | Reached XP level 4. HP: 28/35 MP: 4/4
  1457 | D:2      | Reached skill level 3 in Unarmed Combat
  1603 | D:3      | Found a snail-covered altar of Cheibriados.
  1798 | D:3      | Found an opulent altar of Gozag.
  1798 | D:3      | Found a broken altar of Ashenzari.
  1819 | D:3      | Reached XP level 5. HP: 40/42 MP: 5/5
  2965 | D:4      | Found a sand-covered staircase.
  3017 | Ossuary  | Entered an ossuary
  3101 | Ossuary  | Reached XP level 6. HP: 34/48 MP: 6/6
  3108 | Ossuary  | Reached skill level 4 in Unarmed Combat
  3363 | Ossuary  | Reached XP level 7. HP: 26/55 MP: 7/7
  3868 | D:4      | Found Ocodastru's Weapon Boutique.
  4131 | D:4      | Reached skill level 5 in Fighting
  4131 | D:4      | Reached skill level 5 in Unarmed Combat
  4369 | D:5      | Entered Level 5 of the Dungeon
  4941 | D:5      | Found a staircase to the Ecumenical Temple.
  4951 | Temple   | Entered the Ecumenical Temple
  4961 | Temple   | Became a worshipper of Yredelemnul the Fallen
  5024 | D:5      | Reached XP level 8. HP: 56/63 MP: 8/8
  5389 | D:5      | Reached skill level 1 in Invocations
  5478 | D:6      | Reached skill level 6 in Unarmed Combat
  5750 | D:6      | Found an ancient bone altar of Kikubaaqudgha.
  5998 | D:6      | Found a sparkling altar of Nemelex Xobeh.
  6529 | D:7      | Reached skill level 5 in Shields
  6552 | D:7      | Reached * piety under Yredelemnul
  6797 | D:7      | Reached skill level 7 in Unarmed Combat
  6797 | D:7      | Reached XP level 9. HP: 54/71 MP: 11/11
  7123 | D:7      | Found a bloodstained altar of Trog.
  8147 | D:8      | Found a hazy altar of Hepliaklqana.
  8278 | D:8      | Reached ** piety under Yredelemnul
  8285 | D:8      | Reached skill level 8 in Unarmed Combat
  8840 | D:9      | Noticed Erolcha
  8852 | D:9      | Killed Erolcha
  8853 | D:9      | Reached skill level 5 in Invocations
  8853 | D:9      | Reached XP level 10. HP: 35/80 MP: 13/13
  9035 | D:9      | Noticed Pikel
  9044 | D:9      | Reached skill level 9 in Unarmed Combat
  9068 | D:9      | Killed Pikel
  9372 | D:9      | Noticed a two-headed ogre
  9381 | D:9      | Killed a two-headed ogre
  9410 | D:9      | Found a staircase to the Orcish Mines.
  9424 | D:9      | Reached skill level 10 in Unarmed Combat
  9504 | D:9      | Noticed Maurice
  9527 | D:9      | Something stole a ring of wizardry
  9532 | D:9      | Something stole a curare-tipped dart
  9535 | D:9      | Something stole 431 gold
  9542 | D:9      | Something stole 102 gold
  9569 | D:9      | Killed Maurice
  9982 | D:10     | Entered Level 10 of the Dungeon
  9988 | D:10     | Found a flagged portal.
 10018 | D:10     | Reached *** piety under Yredelemnul
 10019 | D:10     | Reached XP level 11. HP: 51/86 MP: 14/16
 10127 | Bailey   | Entered a bailey
 10415 | Bailey   | Noticed Grum
 10481 | Bailey   | Your ally Grum died
 10741 | Bailey   | Reached skill level 11 in Unarmed Combat
 10880 | Bailey   | Reached **** piety under Yredelemnul
 11181 | Bailey   | Got the Volume of Transposed Curses
 11466 | D:10     | Found a runed translucent door.
 11466 | D:10     | Noticed a boulder beetle
 11498 | D:10     | Killed a boulder beetle
 11732 | D:10     | Noticed a two-headed ogre
 11735 | D:10     | Noticed Psyche
 11739 | D:10     | Killed a two-headed ogre
 11743 | D:10     | Killed Psyche
 11748 | D:10     | Identified the +3 quick blade of Ubiquitous Valiance
                  | {venom, +Blink rElec Stlth+}
 12243 | D:10     | Noticed a purple ugly thing
 12304 | D:11     | Found a staircase to the Lair.
 12321 | D:11     | Noticed a centaur warrior
 12329 | D:11     | Killed a centaur warrior
 12333 | D:11     | Noticed a death yak
 12341 | D:11     | HP: 3/86 [yak (3)]
 12343 | D:11     | Slain by a yak

Illustrated notes

Levels and vault maps discovered:
D:1:      spicycebolla_arrival_ecumenical, layout_rooms
D:2:      layout_basic, interstate_on_off, minmay_divided_ellipse
D:3:      layout_loops_ring, kennysheep_slug_shrine,
          gammafunk_temple_overflow_elements, minmay_misc_feat_roman
D:4:      layout_cave_pools, serial_forest, infiniplex_forest_straight_2,
          infiniplex_forest_lined_ring, infiniplex_forest_side_room,
          infiniplex_forest_end_1, infiniplex_forest_lined_3_way,
          infiniplex_forest_clump_long, infiniplex_forest_zigzag_1,
          infiniplex_forest_straight_4, infiniplex_forest_lined_4_way,
          nicolae_ossuary_entry_ruins, serial_shops, shop,
          nicolae_nh_ransacked_shop
D:5:      layout_gridville, minmay_temple_entry_stoned_glass
D:6:      layout_basic, mainiacjoe_overflow_brackets,
          mainiacjoe_overflow_tiny_flanked, dk_noncrumbling_4
D:7:      layout_basic, kennysheep_mini_moat, serial_bayou_pond_c,
          glass_columns_a, glass_columns_b, amcnicky_mini_pool_medium
D:8:      layout_rooms, nicolae_overflow_crystal_walls
D:9:      layout_small_grid, zombieorc2_lemuel, uniq_pikel, uniq_maurice,
          uniq_erolcha
D:10:     layout_cave_pools, enter_bailey_3, minivault_13, uniq_psyche
D:11:     layout_rooms, dpeg_lair_monsters, nrook_mini_vaults, abandoned_shop
Temple:   nicolae_temple_no_exploring_needed

Skill      XL: |  1  2  3  4  5  6  7  8  9 10 11 |
---------------+----------------------------------+-----
Unarmed Combat | 2 3 4 5 7 8 10 11 | 11.8
Shields        | 3 4 5 |  5.0
Fighting       | 4 5 6 7 8 |  8.0
Invocations    | 3 5 6 8 |  8.0
Armour         | |  2.4

Action                     |  1- 3 |  4- 6 |  7- 9 | 10-12 || total
---------------------------+-------+-------+-------+-------++-------
  Melee: Unarmed           |   193 |   382 |   471 |   356 ||  1402
 Invoke: Light the Black T |       |       |     5 |     3 ||     8
         Hurl Torchlight   |       |       |       |     1 ||     1
  Evoke: Wand              |       |       |     5 |    30 ||    35
    Use: Scroll            |       |       |    13 |     5 ||    18
   Stab: Distracted        |       |       |     1 |     4 ||     5
 Armour: Scale mail        |   125 |    47 |       |       ||   172
         Plate armour      |       |   228 |   380 |   480 ||  1088
  Dodge: Dodged            |    79 |    97 |   134 |   128 ||   438
         Repelled          |       |     1 |     2 |       ||     3
  Block: Buckler           |    34 |    61 |    90 |   115 ||   300

Table legend: (Time is in decaauts)
 A = Elapsed time spent in this place.
 B = Non-inter-level travel time spent in this place.
 C = Inter-level travel time spent in this place.
 D = Time resting spent in this place.
 E = Time spent auto-exploring this place.
 F = Levels seen in this place.
 G = Mean time per level.
                   A        B        C        D        E       F      G
               +--------+--------+--------+--------+--------+-----+--------+
         Total |  12237 |  11916 |    321 |   1974 |   7575 |  14 |  874.1 |
       Dungeon |  10411 |  10103 |    308 |   1185 |   7097 |  11 |  946.5 |
        Temple |     17 |      4 |     13 |      0 |      0 |   1 |   17.0 |
       Ossuary |    651 |    651 |      0 |    172 |    238 |   1 |  651.0 |
        Bailey |   1157 |   1157 |      0 |    617 |    240 |   1 | 1157.0 |
               +--------+--------+--------+--------+--------+-----+--------+

Top non-repeatable levels by time:
     D:7: 1705 daAuts
     D:3: 1211 daAuts
  Bailey: 1157 daAuts
     D:9: 1131 daAuts
    D:10: 1128 daAuts
     D:2: 1097 daAuts
     D:5: 1030 daAuts
     D:6: 997 daAuts
     D:4: 888 daAuts
     D:8: 685 daAuts
 Ossuary: 651 daAuts
     D:1: 497 daAuts
    D:11: 37 daAuts
  Temple: 17 daAuts
